 Dungeon Crawl Stone Soup version 0.23.2-1-ga50397a (webtiles) character file.

Game seed: 13254792229651256746

3398 TheMofoJoJo the Blocker (level 9, -1/94 HPs)
             Began as a Troll Fighter on Apr 17, 2019.
             Was a Plaything of Xom.
             Slain by an unseen horror (11 damage)
             ... on level 7 of the Dungeon.
             The game lasted 00:41:22 (4649 turns).

TheMofoJoJo the Blocker (Troll Fighter)             Turns: 4649, Time: 00:41:23

Health: -1/94      AC:  7    Str: 27    XL:     9   Next: 75%
Magic:  8/8        EV: 12    Int:  4    God:    Xom [*.....]
Gold:   144        SH: 11    Dex:  9    Spells: 8/8 levels left

rFire    . . .     SeeInvis .     - Unarmed
rCold    . . .     Gourm    +   b - +0 shield
rNeg     . . .     Faith    .   a - +1 robe
rPois    +         Spirit   .   (helmet restricted)
rElec    .         Reflect  .   (no cloak)
rCorr    .         Harm     .   (gloves unavailable)
MR       .....                  (boots unavailable)
Stlth    +.........             (no amulet)
HPRegen  0.65/turn              q - ring of poison resistance
MPRegen  0.11/turn              (no ring)

@: no status effects
A: large, unfitting armour, claws 3, repulsion field 1, fast metabolism 3,
gourmand, regeneration 1, shaggy fur 1, tough skin 3, weak 1
a: Renounce Religion


You were on level 7 of the Dungeon.
You worshipped Xom.
You were a special plaything of Xom.
You were very full.

You visited 1 branch of the dungeon, and saw 7 of its levels.

You collected 144 gold pieces.

Inventory:

Armour
 a - a +1 robe (worn)
 b - a +0 shield (worn)
Jewellery
 q - a ring of poison resistance (left claw)
Scrolls
 e - 2 scrolls of teleportation
 g - a scroll of enchant armour
 j - 2 scrolls of remove curse
 k - a scroll of identify
 p - 4 scrolls of magic mapping
 r - a scroll of enchant weapon
Potions
 h - 2 potions of berserk rage {unknown}
 i - 4 potions of curing
 l - a potion of ambrosia {unknown}
 m - a potion of degeneration {unknown}
 o - a potion of mutation {unknown}
Comestibles
 c - 10 chunks of flesh
 d - 11 rations


   Skills:
 - Level 7.7 Fighting
 - Level 2.5 Dodging
 + Level 8.0 Shields
 + Level 6.3 Unarmed Combat


You had 8 spell levels left.
You didn't know any spells.
Your spell library was empty.

Dungeon Overview and Level Annotations

Branches:
Dungeon (7/15)             Temple (0/1) D:5

Altars:
Ashenzari
Dithmenos
Gozag
Uskayaw
Vehumet
Xom
The Shining One

Shops:
D:6 [

Annotations:
D:5 2 transporters, Aldia's ghost, amateur DrFE


Innate Abilities, Weirdness & Mutations

You are too large for most types of armour.
You have claws for hands.
Your metabolism is lightning-fast.
You like to eat raw meat.
Your natural rate of healing is unusually fast.
You are covered in fur. (AC +1)
You have extremely tough skin. (AC +3)
You are surrounded by a mild repulsion field. (EV +2)
You are weak. (Str -2)


Message History

* * * LOW HITPOINT WARNING * * *
You block the iguana's attack.
You claw the iguana!
You kill the iguana!
Your Shields skill increases to level 8!
Something hits you but does no damage. Something barely misses you.
Something hits you.
* * * LOW HITPOINT WARNING * * *
Something hits you!
* * * LOW HITPOINT WARNING * * *
Found 10 gold pieces.
Something hits you.
* * * LOW HITPOINT WARNING * * *
Something hits you but does no damage. Something hits you but does no damage.
There is a stone staircase leading down here.
Something hits you!
* * * LOW HITPOINT WARNING * * *
Something hits you!
You die...

####...............#...##.#.
##.................##...#####
##............))<)......# #
###........###....).###..## #
#...........##..###.# .
###.....>.>.####..##.## ..
...............#...#..# ...
....###..........#....#
#..#####.##.....@.....#
##....##.#...##.{....##.
####.###.#...........#.. #. .
..().##....###.......... #.##
..)........##........#.$ #...
....)................# .
##... ..##..................#
##.... ##
#.{#................# #...#.
##.#.###...........#. #...#.


There were no monsters in sight!

Vanquished Creatures
  A two-headed ogre (D:6)
  Edmund (D:5)
  Menkaure (D:5)
  A water moccasin (D:6)
  Duvessa (D:5)
  2 orc warriors (D:7)
  2 ice beasts
  2 phantoms
  An eye of draining (D:6)
  4 ogres
  2 centaurs
  A bullfrog (D:4)
  A wyvern skeleton (D:6)
  Dowan (D:5)
  A scorpion (D:6)
  A howler monkey (D:4)
  2 crimson imps
  2 hounds
  2 jellies (D:7)
  A bullfrog skeleton (D:7)
  3 orc priests
  4 orc wizards (D:7)
  Natasha (D:4)
  3 iguanas
  4 worker ants
  Robin (D:2)
  4 gnolls (D:4)
  10 adders
  6 oozes
  An adder zombie (D:7)
  2 worms
  5 leopard geckos
  23 orcs
  6 bats
  14 giant cockroaches
  16 goblins
  18 hobgoblins
  14 jackals
  6 quokkas
  5 frilled lizards
  9 kobolds
  8 rats
193 creatures vanquished.

Vanquished Creatures (others)
  A hound (D:7)
1 creature vanquished.

Grand Total: 194 creatures vanquished

Notes
Turn   | Place    | Note
-------+----------+-------------------------------------------
     0 | D:1      | TheMofoJoJo the Troll Fighter began the quest for the Orb.
     0 | D:1      | Reached XP level 1. HP: 22/22 MP: 0/0
     2 | D:1      | Found a runed translucent door.
    22 | D:1      | Reached XP level 2. HP: 29/29 MP: 1/1
    45 | D:1      | Reached XP level 3. HP: 36/36 MP: 2/2
   425 | D:1      | Reached XP level 4. HP: 44/44 MP: 3/3
   587 | D:2      | Noticed Robin
   600 | D:2      | Killed Robin
   875 | D:2      | Found a glowing golden altar of the Shining One.
   880 | D:2      | Became a worshipper of the Shining One
   919 | D:2      | Found a radiant altar of Vehumet.
   947 | D:2      | Reached skill level 3 in Shields
   947 | D:2      | Reached XP level 5. HP: 52/52 MP: 4/4
   982 | D:2      | Found an opulent altar of Gozag.
  1477 | D:3      | Found a faded altar of an unknown god.
  1545 | D:3      | Reached skill level 5 in Unarmed Combat
  1547 | D:3      | Noticed a +0 dagger
  1548 | D:3      | Noticed a +0 dagger
  1555 | D:3      | Found a hide-covered altar of Uskayaw.
  1723 | D:4      | Noticed a phantom
  1748 | D:4      | Killed a phantom
  1748 | D:4      | Reached XP level 6. HP: 47/61 MP: 5/5
  1859 | D:4      | HP: 1/61 [ogre/+0 giant spiked club (19)]
  1974 | D:4      | Noticed Natasha
  1978 | D:4      | Killed Natasha
  1978 | D:4      | Reached * piety under the Shining One
  2052 | D:4      | Found a shadowy altar of Dithmenos.
  2097 | D:4      | Reached XP level 7. HP: 59/68 MP: 6/6
  2331 | D:4      | Reached skill level 5 in Fighting
  2692 | D:5      | Entered Level 5 of the Dungeon
  2741 | D:5      | Noticed Menkaure
  2745 | D:5      | Noticed Dowan
  2746 | D:5      | Noticed Duvessa
  2753 | D:5      | Killed Menkaure
  2753 | D:5      | Reached XP level 8. HP: 61/83 MP: 7/7
  2763 | D:5      | Killed Duvessa
  2770 | D:5      | Killed Dowan
  2883 | D:5      | Found a transporter.
  2885 | D:5      | Noticed Aldia's ghost (amateur DrFE)
  2886 | D:5      | Found a transporter.
  2972 | D:5      | Found a staircase to the Ecumenical Temple.
  2992 | D:5      | Noticed Edmund
  3001 | D:5      | Killed Edmund
  3193 | D:6      | Noticed a two-headed ogre
  3203 | D:6      | Killed a two-headed ogre
  3203 | D:6      | Reached skill level 5 in Shields
  3203 | D:6      | Reached XP level 9. HP: 21/94 MP: 1/8
  3349 | D:6      | Reached skill level 6 in Shields
  3632 | D:6      | Found a shimmering altar of Xom.
  3698 | D:6      | Fell from the grace of the Shining One
  3698 | D:6      | Became a worshipper of Xom of Chaos
  3789 | D:6      | XOM: harmless Tloc miscast
  3801 | D:6      | XOM: silly message
  3813 | D:6      | XOM: divination: magic mapping
  3871 | D:6      | Found a shattered altar of Ashenzari.
  3922 | D:6      | Found Tyuniz's Antique Armour Shoppe.
  3958 | D:6      | XOM: harmless Necr miscast
  4021 | D:7      | XOM: stealth player
  4043 | D:7      | Reached skill level 7 in Shields
  4067 | D:7      | XOM: 1-stop teleportation journey
  4149 | D:7      | XOM: enchant monster (bad)
  4210 | D:7      | XOM is BORED!
  4210 | D:7      | XOM: give mutations
  4210 | D:7      | Gained mutation: You are weak. (Str -2) [Xom's mischief]
  4210 | D:7      | Gained mutation: You are surrounded by a mild repulsion
                  | field. (EV +2) [Xom's mischief]
  4633 | D:7      | XOM: 2-stop teleportation journey
  4643 | D:7      | Reached skill level 8 in Shields
  4649 | D:7      | Slain by an unseen horror

Skill      XL: |  1  2  3  4  5  6  7  8  9 |
---------------+----------------------------+-----
Unarmed Combat | 3 4 5 6 |  6.3
Shields        | 3 5 8 |  8.0
Fighting       | 3 6 7 |  7.7
Dodging        | |  2.5

Action                   |  1- 3 |  4- 6 |  7- 9 || total
-------------------------+-------+-------+-------++-------
Melee: Unarmed           |   120 |   199 |   237 ||   556
  Use: Scroll            |     4 |     5 |     4 ||    13
       Potion            |       |     2 |     4 ||     6
 Stab: Invisible         |       |       |     2 ||     2
  Eat: Chunk             |     9 |    14 |    25 ||    48
Armor: Robe              |    81 |    78 |   104 ||   263
       Animal skin       |       |    56 |       ||    56
Dodge: Dodged            |    75 |   113 |   101 ||   289
Block: Shield            |    76 |   142 |   154 ||   372
